 Dungeon Crawl Stone Soup version 0.23-a0-396-g5214e5f (webtiles) character file.

73 galech the Skirmisher (level 4, 26/35 HPs)
             Began as a Demonspawn Fighter on Nov 2, 2018.
             Quit the game on level 2 of the Dungeon.
             The game lasted 00:01:20 (567 turns).

galech the Skirmisher (Demonspawn Fighter)           Turns: 567, Time: 00:01:20

Health: 26/35      AC: 10    Str: 16    XL:     4   Next: 8%
Magic:  4/4        EV:  4    Int: 10    God:
Gold:   19         SH:  9    Dex: 13    Spells: 3/3 levels left

rFire    . . .     SeeInvis .   a - +0 war axe
rCold    . . .     Gourm    .   c - +0 shield
rNeg     . . .     Faith    .   e - +0 chain mail
rPois    .         Spirit   .   (no helmet)
rElec    .         Reflect  .   (no cloak)
rCorr    .         Harm     .   h - +0 pair of gloves (curse)
MR       .....                  (no boots)
Stlth    ..........             (no amulet)
HPRegen  0.11/turn              (no ring)
MPRegen  0.09/turn              (no ring)

@: no status effects
A: claws 1, talons 1, demonic guardian 1
a: no special abilities


You were on level 2 of the Dungeon.
You were not hungry.

You visited 1 branch of the dungeon, and saw 2 of its levels.

You collected 19 gold pieces.

Inventory:

Hand Weapons
 a - a +0 war axe (weapon)
Armour
 b - a +0 scale mail
 c - a +0 shield (worn)
 e - a +0 chain mail (worn)
 h - a cursed +0 pair of gloves (worn)
Scrolls
 i - a scroll of remove curse {unknown}
 j - a scroll of magic mapping {unknown}
 k - a scroll of identify {unknown}
Potions
 d - 2 potions of might
 l - a potion of degeneration {unknown}
 m - a potion of cancellation {unknown}
 n - a potion of brilliance {unknown}
Comestibles
 f - 3 rations
 g - a chunk of flesh


   Skills:
 + Level 3.3 Fighting
 + Level 2.6 Axes
 + Level 3.2 Armour
 + Level 3.3 Shields


You had 3 spell levels left.
You didn't know any spells.
Your spell library was empty.

Dungeon Overview and Level Annotations

Branches:
Dungeon (2/15)

Altars:


Innate Abilities, Weirdness & Mutations

You have sharp fingernails.
You have sharp toenails.
A weak demonic guardian rushes to your aid.


Message History

You hit the adder but do no damage.
The adder is almost dead.
You block the adder's attack. The adder bites you but does no damage.
You miss the adder. Your kick misses the adder.
The adder is almost dead.
The adder bites you but does no damage. You block the adder's attack.
You barely miss the adder.
The adder is almost dead.
You block the adder's attack. x2
You slash the adder!
You kill the adder!
You have reached level 4!
You feel clever.
Your demonic ancestry asserts itself...
Your fingernails lengthen.
You see here a frilled lizard corpse.
You butcher the frilled lizard corpse.
g - 2 chunks of flesh (gained 1)
You see here a frilled lizard skeleton.
Some of the chunks of flesh in your inventory have rotted away.
Are you sure you want to abandon this character and quit the game? (Confirm

.#....
#########.#.[..
#.............
#............
#..........##
#...........#
#.........#
#.........#
#.....!.@.#
#....††...#
#.....†<†.#
#.........#
#....†....#
#.........#
#.........#
#.........#
###########


There were no monsters in sight!

Vanquished Creatures
  An adder (D:2)
  An ooze (D:1)
  3 leopard geckos (D:1)
  3 giant cockroaches (D:1)
  3 goblins (D:1)
  4 hobgoblins (D:1)
  5 jackals (D:1)
  7 kobolds (D:1)
  6 bats (D:1)
  3 frilled lizards
  3 rats
39 creatures vanquished.

Vanquished Creatures (collateral kills)
  2 adders (D:2)
  A leopard gecko (D:2)
  4 jackals (D:2)
7 creatures vanquished.

Grand Total: 46 creatures vanquished

Notes
Turn   | Place    | Note
-------+----------+-------------------------------------------
     0 | D:1      | galech the Demonspawn Fighter began the quest for the Orb.
     0 | D:1      | Reached XP level 1. HP: 18/18 MP: 1/1
    34 | D:1      | Gained mutation: You have sharp toenails. [demonic
                  | ancestry]
    34 | D:1      | Reached XP level 2. HP: 23/24 MP: 2/2
   172 | D:1      | Gained mutation: A weak demonic guardian rushes to your
                  | aid. [demonic ancestry]
   172 | D:1      | Reached XP level 3. HP: 18/29 MP: 3/3
   563 | D:2      | Gained mutation: You have sharp fingernails. [demonic
                  | ancestry]
   563 | D:2      | Reached XP level 4. HP: 26/35 MP: 4/4
   567 | D:2      | Quit the game

Vault maps used:
D:1:      dpeg_arrival_rhombus, minmay_tetromino_i4
D:2:      marbit_many_paths

Skill      XL: |  1  2 |
---------------+-------+-----
Armour         | 3 |  3.2
Shields        | 3 |  3.3
Axes           | 2 |  2.6
Fighting       | |  3.3

Action                   |  1- 3 |  4- 6 || total
-------------------------+-------+-------++-------
Melee: War axe           |   115 |       ||   115
       Kick              |    28 |       ||    28
Armor: Scale mail        |    23 |       ||    23
       Chain mail        |    81 |       ||    81
Dodge: Dodged            |    43 |       ||    43
Block: Shield            |    95 |       ||    95

Table legend:
 A = Non-vault XP
 B = Vault XP
 C = Vault XP percentage of total XP
 D = Non-vault monster count
 E = Vault monster count
 F = Vault count percentage of total count
                 A         B        C        D         E       F
            +---------+---------+-------+---------+---------+-------
      Total |      95 |      10 |   9.5 |      43 |       3 |   6.5
            +---------+---------+-------+---------+---------+-------
        D:1 |      60 |      10 |  14.3 |      33 |       3 |   8.3
        D:2 |      35 |       0 |   0.0 |      10 |       0 |   0.0
            +---------+---------+-------+---------+---------+-------
